 Dungeon Crawl Stone Soup version 0.29-a0-352-g0917bc69df (webtiles) character file.

Game seed: 1488486576048211531

12 101zpm the Gusty (level 2, -3/20 HPs)
             Began as a Gnoll Air Elementalist on Apr 24, 2022.
             Killed from afar by Sigmund (7 damage)
             ... with a magic dart
             ... on level 2 of the Dungeon.
             The game lasted 00:02:43 (1137 turns).

101zpm the Gusty (Gnoll Air Elementalist)           Turns: 1137, Time: 00:02:44

Health: -3/20      AC:  2    Str:  7    XL:     2   Next: 33%
Magic:  2/7        EV: 13    Int: 14    God:
Gold:   23         SH:  0    Dex: 12    Spells: 9/10 levels left

rFire   . . .      SeeInvis .   (no weapon)
rCold   . . .      Faith    .   (no shield)
rNeg    . . .      Spirit   .   a - +0 robe
rPois   .          Reflect  .   (no helmet)
rElec   .          Harm     .   (no cloak)
rCorr   .          Rampage  .   (no gloves)
Will    .....                   (no boots)
Stlth   +.........              (no amulet)
HPRegen 0.06/turn               (no ring)
MPRegen 0.10/turn               (no ring)

@: confused
A: fangs 1, strong nose, distributed training
a: no special abilities


You were on level 2 of the Dungeon.
You visited 1 branch of the dungeon, and saw 2 of its levels.

You collected 23 gold pieces.

Inventory:

Armour
 a - a +0 robe (worn)
Jewellery
 e - a +6 ring of strength
Scrolls
 c - a scroll of identify {unknown}
 d - a scroll of enchant weapon {unknown}
 f - a scroll of fear {unknown}
 g - a scroll of immolation {unknown}
 h - a scroll of noise {unknown}
Potions
 b - a potion of magic


   Skills:
 + Level 0.3 Fighting
 + Level 0.3 Short Blades
 + Level 0.3 Long Blades
 + Level 0.3 Axes
 + Level 0.3 Maces & Flails
 + Level 0.3 Polearms
 + Level 0.3 Staves
 + Level 0.3 Slings
 + Level 0.3 Bows
 + Level 0.3 Crossbows
 + Level 0.3 Throwing
 + Level 0.3 Armour
 + Level 4.4 Dodging
 + Level 4.0 Stealth
 + Level 0.3 Shields
 + Level 0.3 Unarmed Combat
 + Level 4.9 Spellcasting
 + Level 2.0 Conjurations
 + Level 0.2 Hexes
 + Level 0.2 Summonings
 + Level 0.2 Necromancy
 + Level 0.2 Translocations
 + Level 0.2 Transmutations
 + Level 0.2 Fire Magic
 + Level 0.2 Ice Magic
 + Level 5.3 Air Magic
 + Level 0.2 Earth Magic
 + Level 0.2 Poison Magic
 + Level 0.4 Invocations
 + Level 0.3 Evocations


You had 9 spell levels left.
You knew the following spells:

 Your Spells              Type           Power      Damage    Failure   Level
a - Shock                 Conj/Air       52%        1d6       3%          1

Your spell library contained the following spells:

 Spells                   Type           Power      Damage    Failure   Level
 Static Discharge         Conj/Air       13%        N/A       6%          2
 Swiftness                Air            18%        N/A       6%          3
 Animate Skeleton         Necr           8%         N/A       16%         1
 Apportation              Tloc           8%         N/A       16%         1
 Summon Small Mammal      Summ           16%        N/A       16%         1
 Airstrike                Air            9%         N/A       19%         4
 Sublimation of Blood     Necr           4%         N/A       24%         2
 Wereblood                Tmut           4%         N/A       24%         2
 Summon Hydra             Summ           2%         N/A       100%        7


Dungeon Overview and Level Annotations

Branches:
Dungeon (2/15)

Altars:

Annotations:
D:2 Sigmund


Innate Abilities, Weirdness & Mutations

You have very sharp teeth.
Your uncanny sense of smell can sniff out nearby items.
Your experience applies equally to all skills.


Message History

The zap hits the hobgoblin.
You kill the hobgoblin!
HP restored.
Magic restored.
You see here a hobgoblin corpse.
Found a stone staircase leading down.
h - a scroll labelled WOGERE IRUTIPN
Found a ring mail.
You now have 23 gold pieces (gained 16).
Sigmund the Dreaded comes into view.
He is wielding a +0 scythe.
Found a scroll labelled BYKHLU KYSOIF.
The zap hits Sigmund.
Sigmund is moderately wounded.
The zap misses Sigmund.
The zap hits Sigmund.
Sigmund is heavily wounded.
The zap hits Sigmund.
Sigmund is heavily wounded.
You miscast Shock.
You are very lightly contaminated with residual magic.
Nothing appears to happen.
Sigmund gestures at you while chanting. The magic dart hits you!
The zap misses Sigmund.
Sigmund laughs darkly.
The zap hits Sigmund.
Sigmund is severely wounded.
Sigmund screams, "Die, monster!"
Sigmund hits you from afar with a +0 scythe!
* * * LOW HITPOINT WARNING * * *
You are too injured to fight recklessly!
Sigmund gestures wildly while chanting.
Sigmund flickers and vanishes!
Deactivating autopickup; reactivate with Ctrl-A.
Your magical contamination has completely faded away.
Something tries to affect you, but you resist.
You are confused.
A magic dart appears from out of thin air!
The magic dart hits you!
You die...

#.#####......# #.#####..###.#
#..........#.# ######.#...#.#
#.#.....# ###########.#.....#
#.........#.#..##.####
########.........#.#..#.....#
..........{.....@....>#..##.#
########.........#.###...# #
# #....[....#.# #..## #
#.........#.###..# #
#.........#......# #
###############.####.# #
#...............# #
#.........^.##### #
#.......)...#


There were no monsters in sight!

Vanquished Creatures
  3 goblins (D:1)
  A hobgoblin (D:2)
  2 ball pythons (D:1)
  A bat (D:1)
  3 frilled lizards (D:1)
  3 kobolds (D:1)
  A rat (D:1)
14 creatures vanquished.

Notes
Turn   | Place    | Note
-------+----------+-------------------------------------------
     0 | D:1      | 101zpm the Gnoll Air Elementalist began the quest for the
                  | Orb.
     0 | D:1      | Reached XP level 1. HP: 13/13 MP: 6/6
   718 | D:1      | Reached XP level 2. HP: 19/19 MP: 4/7
   866 | D:1      | Found a faded altar of an unknown god.
  1110 | D:2      | Noticed Sigmund
  1137 | D:2      | Killed from afar by Sigmund

Illustrated notes

Levels and vault maps discovered:
D:1:      dpeg_arrival_fog, layout_basic, ebering_ecumenical_altar_box
D:2:      layout_basic, uniq_sigmund

Skill      XL: |  1 |
---------------+----+-----
Conjurations   | 2 |  2.0
Fighting       | |  0.3
Short Blades   | |  0.3
Long Blades    | |  0.3
Axes           | |  0.3
Maces & Flails | |  0.3
Polearms       | |  0.3
Staves         | |  0.3
Slings         | |  0.3
Bows           | |  0.3
Crossbows      | |  0.3
Throwing       | |  0.3
Armour         | |  0.3
Dodging        | |  4.4
Stealth        | |  4.0
Shields        | |  0.3
Unarmed Combat | |  0.3
Spellcasting   | |  4.9
Hexes          | |  0.2
Summonings     | |  0.2
Necromancy     | |  0.2
Translocations | |  0.2
Transmutations | |  0.2
Fire Magic     | |  0.2
Ice Magic      | |  0.2
Air Magic      | |  5.3
Earth Magic    | |  0.2
Poison Magic   | |  0.2
Invocations    | |  0.4
Evocations     | |  0.3

Action                   || total
-------------------------++-------
 Cast: Shock             ||    28
Armor: Robe              ||     3
Dodge: Dodged            ||     6

Table legend: (Time is in decaauts)
 A = Elapsed time spent in this place.
 B = Non-inter-level travel time spent in this place.
 C = Inter-level travel time spent in this place.
 D = Time resting spent in this place.
 E = Time spent auto-exploring this place.
 F = Levels seen in this place.
 G = Mean time per level.
                   A        B        C        D        E       F      G
               +--------+--------+--------+--------+--------+-----+--------+
         Total |   1137 |    958 |    179 |    199 |    600 |   2 |  568.5 |
       Dungeon |   1137 |    958 |    179 |    199 |    600 |   2 |  568.5 |
               +--------+--------+--------+--------+--------+-----+--------+

Top non-repeatable levels by time:
     D:1: 855 daAuts
     D:2: 282 daAuts
